 Dungeon Crawl Stone Soup version 0.28-a0-1404-g4df0f3684d (webtiles) character file.

Game seed: 10681229458041621763

298 eustatius the Skirmisher (level 6, -2/53 HPs)
             Began as a Ghoul Monk on Jan 6, 2022.
             Slain by a water moccasin (5 damage)
             ... on level 4 of the Dungeon.
             The game lasted 00:19:05 (4851 turns).

eustatius the Skirmisher (Ghoul Monk)               Turns: 4851, Time: 00:19:05

Health: -2/53      AC:  3    Str: 15    XL:     6   Next: 36%
Magic:  5/5        EV: 13    Int:  5    God:
Gold:   145        SH:  0    Dex: 13    Spells: 5/5 levels left

rFire   + . .      SeeInvis .   k - +2 short sword (venom)
rCold   + . .      Faith    .   (no shield)
rNeg    + + +      Spirit   .   a - +0 robe
rPois   ∞          Reflect  .   n - +0 helmet
rElec   .          Harm     .   (no cloak)
rCorr   .          Rampage  .   (no gloves)
Will    .....                   (no boots)
Stlth   +++.......              (no amulet)
HPRegen 0.00/turn               g - ring of protection from fire
MPRegen 0.09/turn               (no ring)

@: inhibited regen
A: claws 1, cold resistance 1, negative energy resistance 3, inhibited
regeneration, torment resistance 2
a: no special abilities


You were on level 4 of the Dungeon.
You visited 1 branch of the dungeon, and saw 4 of its levels.
You also visited: Sewer.

You collected 145 gold pieces.

Inventory:

Hand Weapons
 j - a +0 hunting sling
 k - a +2 short sword of venom (weapon)
 r - a +0 hand crossbow
 u - a +0 short sword of freezing
Missiles
 h - 20 poisoned darts (quivered)
 l - 105 stones
 s - 42 bolts
 t - 2 boomerangs of dispersal
Armour
 a - a +0 robe (worn)
 n - a +0 helmet (worn)
Jewellery
 g - a ring of protection from fire (left claw)
 v - an amulet of magic regeneration
Scrolls
 d - 2 scrolls of identify {unknown}
 i - a scroll of teleportation {unknown}
 m - a scroll of noise {unknown}
 o - 2 scrolls of summoning {unknown}
 q - a scroll of enchant armour {unknown}
 w - a scroll of silence {unknown}
 x - a scroll of enchant weapon {unknown}
Potions
 b - 3 potions of berserk rage {unknown}
 c - 2 potions of haste {unknown}
 e - a potion of lignification {unknown}
 f - a potion of ambrosia {unknown}
 p - a potion of invisibility {unknown}


   Skills:
 + Level 4.5 Fighting
 + Level 4.1 Dodging
 + Level 4.3 Stealth
 - Level 4.4 Unarmed Combat


You had 5 spell levels left.
You didn't know any spells.
Your spell library contained the following spells:

 Spells                   Type           Power      Damage    Failure   Level
 Static Discharge         Conj/Air       0%         N/A       63%         2
 Tukima's Dance           Hex            0%         N/A       85%         3
 Dispel Undead            Necr           0%         3d6       99%         4
 Passage of Golubria      Tloc           0%         N/A       99%         4
 Sticky Flame             Conj/Fire      0%         2d3       99%         4
 Yara's Violent Unravell  Hex/Tmut       0%         3d3       100%        5


Dungeon Overview and Level Annotations

Branches:
Dungeon (4/15)              Sewer (visited)
 Temple: D:4-7

Altars:

Shops:
D:1 [   D:2 ::[*


Innate Abilities, Weirdness & Mutations

You thrive by killing the living.
You are immune to poison.
You have sharp fingernails.
Your flesh is cold resistant. (rC+)
You are immune to negative energy. (rN+++)
You do not regenerate when monsters are visible.
You are immune to unholy pain and torment.


Message History

The orc closely misses you.
You closely miss the orc.
The orc is almost dead.
The water moccasin hisses angrily.
You kill the orc!
You closely miss the orc. The orc hits you with a +0 club.
The ball python misses you. The ball python grabs you.
The ball python constricts you.
You closely miss the orc. The orc hits you with a +0 club.
The ball python bites you. The ball python constricts you.
You barely miss the water moccasin. Your claw misses the water moccasin.
The ball python closely misses you. The ball python constricts you.
The orc hits you but does no damage. The water moccasin bites you.
The ball python bites you. The ball python constricts you.
The orc closely misses you.
You closely miss the water moccasin. The water moccasin closely misses you.
The ball python misses you. The ball python constricts you.
The orc priest hits you with a +0 hand axe.
The water moccasin bites you. The orc hits you with a +0 club.
You barely miss the orc. The ball python misses you.
The ball python constricts you. The water moccasin bites you.
The orc priest calls down the wrath of Beogh upon you.
Beogh smites you! The orc hits you with a +0 club.
You puncture the orc!
You kill the orc!
You feel better. The water moccasin bites you.
The ball python barely misses you. The ball python constricts you.
The orc priest hits you with a +0 hand axe.
* * * LOW HITPOINT WARNING * * *
The water moccasin barely misses you. The ball python barely misses you.
The ball python constricts you.
* * * LOW HITPOINT WARNING * * *
You escape the ball python's grasp.
The water moccasin bites you!
* * * LOW HITPOINT WARNING * * *
The water moccasin bites you.
* * * LOW HITPOINT WARNING * * *
You hit the water moccasin.
The water moccasin is lightly wounded.
The water moccasin bites you.
You die...

#.# ## ... .###
... ... #.# ..#
... ..# #.# ..#
#o# ###..# #o#
#.@..# #.#
#S##.####
#.####S.......
#).$.))......:
#.........###..
#...........##
.
...........###
........<....#
#.############


You could see a water moccasin and a ball python.

Vanquished Creatures
  A kobold brigand (Sewer)
  4 river rats (Sewer)
  9 adders
  A worm (D:2)
  2 dart slugs
  6 orcs
  8 ball pythons
  2 bats
  3 endoplasms
  4 giant cockroaches
  8 goblins
  6 hobgoblins
  10 jackals
  11 frilled lizards
  18 kobolds
  10 rats
103 creatures vanquished.

Vanquished Creatures (others)
  3 fungi (D:3)
  12 plants (Sewer)
15 creatures vanquished.

Grand Total: 118 creatures vanquished

Notes
Turn   | Place    | Note
-------+----------+-------------------------------------------
     0 | D:1      | eustatius the Ghoul Monk began the quest for the Orb.
     0 | D:1      | Reached XP level 1. HP: 19/19 MP: 0/0
   148 | D:1      | Reached XP level 2. HP: 21/26 MP: 1/1
   425 | D:1      | Found Ikes's Antique Armour Emporium.
  1317 | D:2      | Reached XP level 3. HP: 28/31 MP: 2/2
  1346 | D:2      | Found Ymireuk's General Store.
  1377 | D:2      | Found Paerchoga's Antique Armour Shoppe.
  1484 | D:2      | Found Sedwuan's Book Boutique.
  1694 | D:2      | Reached XP level 4. HP: 40/40 MP: 3/3
  1761 | D:2      | Found Leciguitt's Book Boutique.
  2866 | D:3      | Found a glowing drain.
  2871 | Sewer    | Entered a sewer
  2930 | Sewer    | Noticed a kobold brigand
  2950 | Sewer    | Killed a kobold brigand
  2951 | Sewer    | Reached XP level 5. HP: 7/46 MP: 4/4
  3632 | Sewer    | Reached XP level 6. HP: 53/53 MP: 5/5
  4519 | D:3      | Found a faded altar of an unknown god.
  4838 | D:4      | Noticed a water moccasin
  4851 | D:4      | Slain by a water moccasin

Illustrated notes

Levels and vault maps discovered:
D:1:      erik_arrival_cave_to_civilisation [erik_arrival_cave_to_hall],
          layout_basic, serial_shops, shop, minmay_misc_feat_tiny
D:2:      layout_basic, serial_shops, shop_coins, shop, shop_fountains, shop,
          guppyfry_early_orc_mine
D:3:      layout_loops_ring, shapermc_ecumenical_altar_acropolis,
          portal_sewer_entry_e
D:4:      layout_loops_ring, old_standard_altar,
          nicolae_dithmenos_through_a_glass_darkly,
          minmay_temple_entry_statues_fountains, uniq_duvessa

Skill      XL: |  1  2  3  4  5  6 |
---------------+-------------------+-----
Unarmed Combat | 4 |  4.4
Dodging        | 3 4 |  4.1
Stealth        | 3 4 |  4.3
Fighting       | 4 |  4.5

Action                   |  1- 3 |  4- 6 || total
-------------------------+-------+-------++-------
Melee: Unarmed           |    42 |       ||    42
       Punch             |     1 |     7 ||     8
       Short sword       |    43 |   218 ||   261
 Stab: Sleeping          |     6 |     2 ||     8
Armor: Robe              |    17 |    30 ||    47
Dodge: Dodged            |    62 |   163 ||   225

Table legend: (Time is in decaauts)
 A = Elapsed time spent in this place.
 B = Non-inter-level travel time spent in this place.
 C = Inter-level travel time spent in this place.
 D = Time resting spent in this place.
 E = Time spent auto-exploring this place.
 F = Levels seen in this place.
 G = Mean time per level.
                   A        B        C        D        E       F      G
               +--------+--------+--------+--------+--------+-----+--------+
         Total |   5059 |   4313 |    746 |    204 |   2775 |   5 | 1011.8 |
       Dungeon |   3535 |   2789 |    746 |      0 |   2124 |   4 |  883.8 |
         Sewer |   1524 |   1524 |      0 |    204 |    651 |   1 | 1524.0 |
               +--------+--------+--------+--------+--------+-----+--------+

Top non-repeatable levels by time:
   Sewer: 1524 daAuts
     D:2: 1380 daAuts
     D:1: 1306 daAuts
     D:3: 823 daAuts
     D:4: 25 daAuts
